 Dungeon Crawl Stone Soup version 0.23.1 (webtiles) character file.

Game seed: 3132773568598588080

786 Fang the Skirmisher (level 7, 0/67 HPs)
             Began as a Gargoyle Berserker on Mar 6, 2019.
             Was an Elder of Trog.
             Slain by an orc
             ... wielding a +0 hand axe of distortion
              (5 damage)
             ... on level 4 of the Dungeon.
             The game lasted 00:05:27 (3624 turns).

Fang the Skirmisher (Gargoyle Berserker)            Turns: 3624, Time: 00:05:28

Health: 0/67       AC: 17    Str: 28    XL:     7   Next: 86%
Magic:  7/7        EV:  9    Int:  7    God:    Trog [****..]
Gold:   127        SH:  0    Dex:  9    Spells: 6/6 levels left

rFire    . . .     SeeInvis .   a - +0 hand axe
rCold    . . .     Gourm    .   (no shield)
rNeg     + . .     Faith    .   l - +0 plate armour
rPois    ∞         Spirit   .   (no helmet)
rElec    +         Reflect  .   (no cloak)
rCorr    .         Harm     .   (no gloves)
MR       .....                  (no boots)
Stlth    ..........             (no amulet)
HPRegen  0.21/turn              (no ring)
MPRegen  0.10/turn              (no ring)

@: berserking (expiring), very quick
A: negative energy resistance 1, electricity resistance, unbreathing,
petrification resistance, rot immunity, AC +4
a: Berserk, Trog's Hand, Brothers in Arms, Renounce Religion


You were on level 4 of the Dungeon.
You worshipped Trog.
Trog was greatly pleased with you.
You were hungry.

You visited 1 branch of the dungeon, and saw 4 of its levels.
You also visited: Sewer.

You collected 127 gold pieces.

Inventory:

Hand Weapons
 a - a +0 hand axe (weapon)
 o - a +1 hand axe of flaming
Missiles
 t - 5 tomahawks of returning (quivered)
Armour
 l - a +0 plate armour (worn)
Jewellery
 i - an uncursed ring of fire
Scrolls
 b - 3 scrolls of magic mapping {unknown}
 e - 2 scrolls of enchant armour {unknown}
 f - 2 scrolls of remove curse {unknown}
 h - 9 scrolls of identify {unknown}
 p - a scroll of teleportation {unknown}
 u - 4 scrolls of fog {unknown}
 v - a scroll of fear {unknown}
Potions
 d - 3 potions of might {unknown}
 g - 3 potions of curing {unknown}
 j - 2 potions of mutation {unknown}
 k - a potion of resistance {unknown}
 m - a potion of degeneration {unknown}
 n - a potion of berserk rage {unknown}
 q - 2 potions of heal wounds {unknown}
 r - 2 potions of magic {unknown}
 s - 2 potions of haste {unknown}
 w - a potion of brilliance {unknown}
Comestibles
 c - 3 rations
 x - 7 chunks of flesh


   Skills:
 + Level 5.7 Fighting
 + Level 4.7 Axes
 + Level 5.0 Armour
 + Level 3.8 Dodging


You had 6 spell levels left.
You didn't know any spells.
Your spell library was empty.

Dungeon Overview and Level Annotations

Branches:
Dungeon (4/15)
 Temple: D:4-7

Altars:
Ashenzari
Zin


Innate Abilities, Weirdness & Mutations

You are resistant to torment.
Your stone body is resilient. (AC +4)
You are immune to poison.
You resist negative energy. (rN+)
You are resistant to electric shocks. (rElec)
You can survive without breathing.
You are immune to petrification.
You are immune to rotting.


Message History

The orc priest calls down the wrath of Beogh upon you.
You struggle to resist.
The orc hits you but does no damage.
Your plate armour prevents you from hitting the ogre.
The ogre is severely wounded.
You barely miss the orc. The ogre closely misses you.
You slice the ogre!!
You kill the ogre!
Trog accepts your kill.
Your Armour skill increases to level 5!
You slash the orc!
You kill the orc!
Trog accepts your kill.
You hit the orc priest.
The orc priest hits you but does no damage.
You hit the orc priest.
The orc priest is severely wounded.
You closely miss the orc.
Your plate armour prevents you from hitting the orc.
The orc hits you but does no damage. Space bends around you.
You die...

###.#......# #...
........#..###..#
...............# #
...........##.## #
#..#.......#..# #
#.............###
#####............##
#.<..>...........>#
#o@................
#.oo..#..........÷.(
....Z...............)).
.....#...##...........).
....##...#####..........
.... #.... #.........#
... #...# .......... ..
#...# ..........
..........


You could see an orc priest, 2 orcs and a quokka skeleton.

Vanquished Creatures
  The ghost of Yackwabbit the Conjurer, an amateur DECj (D:3)
  2 ogres (D:4)
  2 bullfrogs (Sewer)
  A scorpion (D:4)
  A worker ant (D:4)
  3 gnolls (D:4)
  7 adders
  5 river rats (Sewer)
  A howler monkey simulacrum (D:3)
  A white imp (D:3)
  A worker ant simulacrum (D:3)
  4 oozes
  2 adder zombies (D:2)
  A worm (D:3)
  An adder simulacrum (D:3)
  2 dart slugs
  2 leopard geckos (D:2)
  12 orcs
  A bat skeleton (D:2)
  7 giant cockroaches
  7 goblins
  8 hobgoblins
  2 jackals (D:3)
  A quokka (D:2)
  12 ball pythons
  A ball python zombie (D:2)
  9 bats
  10 frilled lizards
  A jackal skeleton (D:2)
  A jackal zombie (D:2)
  5 kobolds
  A leopard gecko skeleton (D:4)
  A quokka skeleton (D:2)
  26 rats
142 creatures vanquished.

Notes
Turn   | Place    | Note
-------+----------+-------------------------------------------
     0 | D:1      | Fang the Gargoyle Berserker began the quest for the Orb.
     0 | D:1      | Reached XP level 1. HP: 14/14 MP: 1/1
   347 | D:1      | Reached XP level 2. HP: 18/19 MP: 2/2
   879 | D:2      | Reached XP level 3. HP: 16/23 MP: 3/3
  1024 | D:2      | Reached ** piety under Trog
  1059 | D:2      | Reached XP level 4. HP: 26/29 MP: 4/4
  1442 | D:3      | Found a shattered altar of Ashenzari.
  1691 | D:3      | Found a runed translucent gate.
  1691 | D:3      | Found a runed translucent gate.
  1691 | D:3      | Found a runed translucent gate.
  1920 | D:3      | Reached XP level 5. HP: 33/33 MP: 5/5
  2123 | D:3      | Found a glowing silver altar of Zin.
  2123 | D:3      | Noticed an angel
  2214 | D:3      | Noticed Yackwabbit's ghost (amateur DECj)
  2351 | D:3      | Killed Yackwabbit's ghost
  2351 | D:3      | Reached XP level 6. HP: 39/39 MP: 6/6
  2788 | D:4      | Found a glowing drain.
  2803 | D:4      | Reached *** piety under Trog
  2809 | D:4      | Reached skill level 5 in Fighting
  2809 | D:4      | Reached XP level 7. HP: 35/44 MP: 7/7
  2817 | Sewer    | Entered a sewer
  3009 | Sewer    | Reached **** piety under Trog
  3009 | Sewer    | Received a gift from Trog
  3623 | D:4      | Reached skill level 5 in Armour
  3624 | D:4      | Slain by an orc

Skill      XL: |  1  2  3  4  5  6  7 |
---------------+----------------------+-----
Axes           | 3 4 |  4.7
Dodging        | 2 3 |  3.8
Armour         | 3 4 5 |  5.0
Fighting       | 4 5 |  5.7

Action                   |  1- 3 |  4- 6 |  7- 9 || total
-------------------------+-------+-------+-------++-------
Melee: Hand axe          |   101 |   187 |   158 ||   446
Invok: Berserk           |       |     2 |     2 ||     4
  Eat: Chunk             |     1 |     4 |     4 ||     9
       Ration            |       |     1 |       ||     1
Armor: Animal skin       |     9 |       |       ||     9
       Plate armour      |    58 |   139 |   222 ||   419
Dodge: Dodged            |    37 |    80 |   115 ||   232
